 Dungeon Crawl Stone Soup version 0.30-a0-760-g5a9884bb7c (webtiles) character file.

Game seed: 17445531279321024908

80 Sleet the Covered (level 4, 0/40 HPs)
             Began as an Armataur Berserker on Feb 10, 2023.
             Was a Believer of Trog.
             Slain by Sigmund
             ... wielding a +1 scythe of freezing
              (3 damage)
             ... on level 2 of the Dungeon.
             The game lasted 00:11:27 (1755 turns).

Sleet the Covered (Armataur Berserker)              Turns: 1755, Time: 00:11:27

Health: 0/40       AC:  8    Str: 20 (24) XL:     4   Next: 18%
Magic:  4/4        EV:  7    Int:  3 (7)  God:    Trog [**....]
Gold:   72         SH:  0    Dex:  4 (10) Spells: 3/3 levels left

rFire   . . .      SeeInvis .    n - +1 glaive
rCold   . . .      Faith    .    (shield currently unavailable)
rNeg    . . .      Spirit   .    t - +0 scale mail
rPois   .          Reflect  .    (no helmet)
rElec   .          Harm     .    g - +0 cloak
rCorr   .          Roll     +    (no gloves)
Will    .....                    (no barding) Stlth
                                 (no amulet)
HPRegen 0.26/turn                (no ring)
MPRegen 0.09/turn                (no ring)

@: flying
A: large, rugged brown scales 3, deformed body, armoured tail, roll, long
tongue, awkward tongue
a: Renounce Religion, Berserk, Trog's Hand


You were on level 2 of the Dungeon.
You worshipped Trog.
Trog was pleased with you.
You visited 1 branch of the dungeon, and saw 2 of its levels.

You collected 72 gold pieces.

Inventory:

Hand Weapons
 a - a +0 short sword
 n - a +1 glaive (weapon)
Armour
 b - a +0 animal skin
 f - a +0 ring mail
 g - a +0 cloak (worn)
 o - a +1 robe of positive energy
 s - the +14 tower shield of Vlad {rElec rC- Slay+3}
   (You found it on level 2 of the Dungeon)

   Slay:      It affects your accuracy & damage with ranged weapons and melee
   (+3).
   rC:        It makes you vulnerable to cold.
   rElec:     It insulates you from electricity.
 t - a +0 scale mail (worn)
Magical Staves
 k - a staff of earth
 q - a staff of air
Wands
 r - a wand of flame (20)
Scrolls
 l - a scroll of teleportation
 m - a scroll of noise
Potions
 e - a potion of curing {unknown}
 h - 3 potions of might {unknown}
 i - 2 potions of attraction {unknown}
 j - a potion of berserk rage {unknown}
 p - a potion of resistance {unknown}


   Skills:
 + Level 3.2 Fighting
 + Level 3.2 Short Blades
 + Level 0.2 Polearms
 + Level 3.4 Armour
 + Level 2.0 Dodging


You had 3 spell levels left.
You didn't know any spells.
Your spell library contained the following spells:

 Spells                   Type           Power      Damage    Failure   Level
 Apportation              Tloc           0%         N/A       86%         1
 Necrotise                Necr           0%         1d4       86%         1
 Vampiric Draining        Necr           0%         2d6       99%         3
 Agony                    Necr           0%         N/A       100%        5
 Alistair's Intoxication  Tmut/Pois      0%         N/A       100%        5


Dungeon Overview and Level Annotations

Branches:
Dungeon (2/15)

Altars:

Annotations:
D:2 Sigmund


Innate Abilities, Weirdness & Mutations

You are completely covered in rugged brown scales. (AC +3, +7% HP)
Armour fits poorly on your strangely shaped body.
You have a long armoured tail.
You roll when moving toward enemies. (Rampage)
Your long tongue fully drains potion bottles. (2x potion effects)
Your tongue gives you trouble enunciating. (1.5x scroll delay)


Message History

Really walk into that dispersal trap? [Y]es or [N]o only, please.
Really walk into that dispersal trap?
Okay, then.
You see here a +0 quarterstaff.
You don't know any spells.
You slurp down every last drop of the fuming golden potion!
It was a potion of degeneration.
There was something very wrong with that liquid.
You feel weakened.
You feel dopey.
You feel clumsy.
You see here a +0 quarterstaff.
Sigmund the Dreaded comes into view.
He is wielding a +1 scythe of freezing.
Sigmund shouts!
Sigmund gestures wildly while chanting.
Sigmund flickers and vanishes!
Deactivating autopickup; reactivate with Ctrl-A.
Something hits you. Something freezes you.
You miss something. Something hits you! Something freezes you.
You hear some strange, mumbled words.
You are confused.
You bump into the rock wall.
Something hits you but does no damage.
You slash something! Something hits you. Something freezes you.
You're too confused to move!
You bump into the rock wall.
Something hits you. Something freezes you.
You closely miss something.
Your tail-slap misses something.
Something hits you but does no damage.
You completely miss something.
You feel less confused. Something hits you.
* * * LOW HITPOINT WARNING * * *
Something freezes you.
* * * LOW HITPOINT WARNING * * *
You slurp down every last drop of the blue potion!
It was a potion of flight.
You feel very buoyant.
You fly up into the air.
Something completely misses you.
You barely miss something. Something hits you.
* * * LOW HITPOINT WARNING * * *
Something freezes you.
You die...

#.# #.# #.#
#.####### #.#
#.##....# #.#
#.##.##.# #.# ##
#.##.##.# #.# #.
#.##.##.# #.####.
#{##.##.####.##...
#@##.##......##...
#............##...
####..............
#.##.##..#.....
##.##.....#.###^
##..#####....# #>
...# #.##.###.
###.#####........
######.......#..#.#.


There were no monsters in sight!

Vanquished Creatures
  Terence (D:2)
  An adder (D:2)
  2 dart slugs (D:1)
  6 ball pythons
  4 endoplasms
  A giant cockroach (D:1)
  3 hobgoblins (D:1)
  4 jackals (D:1)
  3 quokkas (D:2)
  2 bats (D:2)
  3 frilled lizards (D:1)
  3 goblins (D:1)
  3 kobolds (D:1)
  8 rats (D:1)
44 creatures vanquished.

Notes
Turn   | Place    | Note
-------+----------+-------------------------------------------
     0 | D:1      | Sleet the Armataur Berserker began the quest for the Orb.
     0 | D:1      | Reached XP level 1. HP: 19/19 MP: 1/1
   238 | D:1      | Reached XP level 2. HP: 26/26 MP: 2/2
   462 | D:1      | Reached ** piety under Trog
   463 | D:1      | Reached XP level 3. HP: 21/33 MP: 3/3
  1114 | D:2      | Identified the +14 tower shield of Vlad {rElec rC- Slay+3}
  1217 | D:2      | Noticed Terence
  1225 | D:2      | Killed Terence
  1226 | D:2      | Reached XP level 4. HP: 12/40 MP: 4/4
  1736 | D:2      | Noticed Sigmund
  1755 | D:2      | Slain by Sigmund

Illustrated notes

Levels and vault maps discovered:
D:1:      minmay_arrival_loop, layout_rooms, minmay_tetromino_l4
D:2:      layout_loops_ring, minmay_shallow_snake_nest, uniq_sigmund,
          uniq_terence

Skill      XL: |  1  2  3 |
---------------+----------+-----
Short Blades   | 3 |  3.2
Fighting       | 3 |  3.2
Armour         | 3 |  3.4
Dodging        | 2 |  2.0
Polearms       | |  0.2

Action                     |  1- 3 |  4- 6 || total
---------------------------+-------+-------++-------
  Melee: Short sword       |   142 |       ||   142
         Tailslap          |    19 |       ||    19
         Punch             |     1 |       ||     1
         Glaive            |    48 |    10 ||    58
    Use: Scroll            |     3 |     1 ||     4
         Potion            |       |     2 ||     2
 Armour: Ring mail         |   155 |     2 ||   157
         Animal skin       |     3 |       ||     3
         Scale mail        |       |     3 ||     3
  Dodge: Dodged            |   132 |     4 ||   136

Table legend: (Time is in decaauts)
 A = Elapsed time spent in this place.
 B = Non-inter-level travel time spent in this place.
 C = Inter-level travel time spent in this place.
 D = Time resting spent in this place.
 E = Time spent auto-exploring this place.
 F = Levels seen in this place.
 G = Mean time per level.
                   A        B        C        D        E       F      G
               +--------+--------+--------+--------+--------+-----+--------+
         Total |   1775 |   1775 |      0 |    100 |    795 |   2 |  887.5 |
       Dungeon |   1775 |   1775 |      0 |    100 |    795 |   2 |  887.5 |
               +--------+--------+--------+--------+--------+-----+--------+

Top non-repeatable levels by time:
     D:1: 1026 daAuts
     D:2: 748 daAuts
